 Dungeon Crawl Stone Soup version 0.30.0-20-g3615ddf2f0 (webtiles) character file.

Game seed: 5561463509852029081

212 qw the Chopper (level 5, -6/33 HPs)
             Began as a Gargoyle Fighter on May 30, 2023.
             Mangled by a wight
             ... wielding a +4 war axe
              (7 damage)
             ... on level 3 of the Dungeon.
             The game lasted 00:01:11 (2546 turns).

qw the Chopper (Gargoyle Fighter)                   Turns: 2546, Time: 00:01:12

Health: -6/33      AC: 10    Str: 22    XL:     5   Next: 89%
Magic:  5/5        EV: 10    Int:  8    God:
Gold:   166        SH:  5    Dex: 15    Spells: 4/4 levels left

rFire   . . .        Y - +1 war axe
rCold   . . .        c - +0 buckler
rNeg    + . .        b - +0 scale mail
rPois   inf          (no helmet)
rElec   +            (no cloak)
rCorr   .            (no gloves)
SInv    .            (no boots)
Will    .....        (no amulet) Stlth
                     f - +6 ring of dexterity
HPRegen 0.25/turn    (no ring)
MPRegen 0.09/turn

%: no passive effects
@: no status effects
A: sickness immunity, AC +4, negative energy resistance 1, electricity
resistance, torment resistance 1, petrification resistance
a: no special abilities


You were on level 3 of the Dungeon.
You visited 1 branch of the dungeon, and saw 4 of its levels.

You collected 166 gold pieces.


Innate Abilities, Weirdness & Mutations

You are immune to sickness and miasma.
Your stone body is resilient. (AC +4)
You are immune to poison.
You resist negative energy. (rN+)
You are resistant to electric shocks. (rElec)
You are resistant to unholy torment.
You are immune to petrification.


   Skills:
 - Level 3.7 Fighting
 - Level 5.0 Axes
 + Level 0.0 Throwing
 - Level 3.2 Armour
 - Level 1.0 Dodging
 - Level 3.2 Shields


You had 4 spell levels left.
You didn't know any spells.
Your spell library was empty.

Inventory:

Hand Weapons
 g - a +0 flail
 Y - a +1 war axe (weapon)
Missiles
 a - 2 boomerangs
 e - 2 silver boomerangs (quivered)
Armour
 b - a +0 scale mail (worn)
 c - a +0 buckler (worn)
Jewellery
 f - a +6 ring of dexterity (left hand)
Potions
 d - a potion of might
 i - a potion of heal wounds {unknown}
 j - a potion of curing
 k - a potion of ambrosia {unknown}

Dungeon Overview and Level Annotations

Branches:
Dungeon (4/15)
 Temple: D:4-7

Altars:
Dithmenos


Message History

There is a stone staircase leading down here.
You climb downwards.
The endoplasm quivers.
Found 18 gold pieces and 4 stones.
Found a stone staircase leading down.
There is a stone staircase leading up here.
There are monsters nearby!
Waypoint 3 assigned to D:4.
You throw a silver boomerang.
The silver boomerang closely misses the wight.
A wight comes into view. It is wielding a +1 spear.
You slash the wight!
The wight is heavily damaged.
You block the wight's attack.
You barely miss the wight.
The wight is heavily damaged.
You block the wight's attack. The wight closely misses you.
You hit the wight.
The wight is heavily damaged.
You slash the endoplasm!
You kill the endoplasm!
You hit the wight but do no damage. The wight hits you with a +4 war axe!
The wight hits you with a +0 great sword.
2544 ||| STAIRDANCE The wight hits you with a +0 great sword.
The wight hits you from afar with a +1 spear!
The wight hits you with a +4 war axe!
You climb upwards.
There is a stone staircase leading down here.
Enter note:
Enter note:
Enter note:
Enter note:
Enter note:
Enter note: You hit the wight.
The wight is severely damaged.
You slash the wight! The wight barely misses you.
The wight hits you with a +4 war axe!
You die...

#...## #......# ####.#
### #...# #......#
#....# #<# #...#
#......######.########.#
#...# #......##.....#
#....#.# #...#
####'####.#######.##.#..
#####
#.####.........##.###
#.##.......######.#
#..#.z.....# ####.#
#...@......# #....##
#...z..##### #.##..#
#......# ###.....#
#......# #...#.#.#
#......#####.#.....##
####+#.#<......#.#...
#.#'######......##
#........#.######
#####........+.#


You could see 2 wights.

Vanquished Creatures
  Jessica (D:2)
  3 orc wizards
  3 gnolls (D:3)
  2 adders
  4 dart slugs
  6 orcs (D:3)
  7 ball pythons
  2 endoplasms
  2 giant cockroaches
  6 goblins
  4 hobgoblins
  A quokka (D:1)
  3 bats
  7 frilled lizards
  5 kobolds
  3 rats
59 creatures vanquished.

Notes
Turn   | Place    | Note
-------+----------+-------------------------------------------
     0 | D:1      | qw the Gargoyle Fighter began the quest for the Orb.
     0 | D:1      | Reached XP level 1. HP: 14/14 MP: 1/1
     0 | D:1      | 0 ||| qw: Version: 0.2-a-102-g2b76a06
     0 | D:1      | 0 ||| qw: Game counter: 469
     0 | D:1      | 0 ||| qw: Always use a shield: true
     0 | D:1      | 0 ||| qw: God list: Okawaru
     0 | D:1      | 0 ||| qw: Allow faded altars: false
     0 | D:1      | 0 ||| qw: Do Orc after D:15 true
     0 | D:1      | 0 ||| qw: Do second Lair branch before Depths: true
     0 | D:1      | 0 ||| qw: Lair rune preference: random
     0 | D:1      | 0 ||| qw: Plans: Normal, Zot:1-4, Slime:5, God:TSO, Crypt,
                  | Tomb, Pan, Hells, Abyss, Win
     0 | D:1      | 0 ||| PLANNING D:1-11
    32 | D:1      | 32 ||| FLEEEEING.
    34 | D:1      | 34 ||| FLEEEEING.
    35 | D:1      | 35 ||| FLEEEEING.
    54 | D:1      | 54 ||| Stepping ~*~*~tactically~*~*~ (hiding).
    60 | D:1      | Reached skill level 2 in Axes
   232 | D:1      | Reached XP level 2. HP: 19/19 MP: 2/2
   299 | D:1      | 299 ||| Stepping ~*~*~tactically~*~*~ (stealth).
   303 | D:1      | 303 ||| Stepping ~*~*~tactically~*~*~ (stealth).
   305 | D:1      | 305 ||| Stepping ~*~*~tactically~*~*~ (hiding).
   516 | D:1      | Reached skill level 3 in Axes
   611 | D:1      | Reached XP level 3. HP: 23/23 MP: 3/3
   746 | D:1      | 746 ||| DROPPING orb of guile.
   747 | D:1      | 747 ||| READING scroll labelled HYNI XODIGHENK.
   750 | D:1      | 750 ||| READING scroll labelled FIUNEWUSEZ.
   751 | D:1      | 751 ||| DRINKING 2 bubbling sapphire potions.
   799 | D:2      | 799 ||| Stepping ~*~*~tactically~*~*~ (hiding).
   800 | D:2      | 800 ||| Stepping ~*~*~tactically~*~*~ (hiding).
   970 | D:2      | 970 ||| Stepping ~*~*~tactically~*~*~ (hiding).
  1143 | D:2      | Noticed Jessica
  1147 | D:2      | Killed Jessica
  1148 | D:2      | Reached XP level 4. HP: 27/28 MP: 4/4
  1291 | D:2      | Reached skill level 4 in Axes
  1303 | D:2      | Found a faded altar of an unknown god.
  1304 | D:2      | 1304 ||| Stepping ~*~*~tactically~*~*~ (stealth).
  1363 | D:2      | Found a shadowy altar of Dithmenos.
  1690 | D:2      | 1690 ||| READING scroll labelled LORCHUCL CANKI.
  1691 | D:2      | 1691 ||| READING scroll labelled FEEWYA TAOMU.
  1692 | D:2      | 1692 ||| READING 3 scrolls labelled DOYMEL CONOX.
  1693 | D:2      | 1693 ||| READING scroll labelled DAUDWYHUVO.
  1694 | D:2      | 1694 ||| DRINKING 2 amethyst potions.
  1799 | D:2      | 1799 ||| DROPPING 2 scrolls of vulnerability.
  1800 | D:2      | 1800 ||| DROPPING potion of berserk rage.
  1971 | D:3      | 1971 ||| Stepping ~*~*~tactically~*~*~ (hiding).
  1972 | D:3      | 1972 ||| Stepping ~*~*~tactically~*~*~ (hiding).
  1983 | D:3      | 1983 ||| FLEEEEING.
  1985 | D:3      | 1985 ||| FLEEEEING.
  1986 | D:3      | 1986 ||| FLEEEEING.
  1987 | D:3      | 1987 ||| FLEEEEING.
  1988 | D:3      | 1988 ||| FLEEEEING.
  1991 | D:3      | 1991 ||| FLEEEEING.
  1992 | D:3      | 1992 ||| FLEEEEING.
  1993 | D:3      | 1993 ||| FLEEEEING.
  1994 | D:3      | 1994 ||| FLEEEEING.
  1995 | D:3      | 1995 ||| FLEEEEING.
  1996 | D:3      | 1996 ||| FLEEEEING.
  1997 | D:3      | 1997 ||| FLEEEEING.
  1998 | D:3      | 1998 ||| FLEEEEING.
  1999 | D:3      | 1999 ||| FLEEEEING.
  2001 | D:3      | 2001 ||| FLEEEEING.
  2002 | D:3      | 2002 ||| FLEEEEING.
  2003 | D:3      | 2003 ||| FLEEEEING.
  2004 | D:3      | 2004 ||| FLEEEEING.
  2005 | D:3      | 2005 ||| FLEEEEING.
  2006 | D:3      | 2006 ||| FLEEEEING.
  2007 | D:3      | 2007 ||| FLEEEEING.
  2008 | D:3      | 2008 ||| FLEEEEING.
  2079 | D:3      | 2079 ||| Stepping ~*~*~tactically~*~*~ (stealth).
  2243 | D:3      | Reached XP level 5. HP: 27/32 MP: 5/5
  2262 | D:3      | 2262 ||| DROPPING +0 club.
  2292 | D:3      | 2292 ||| Stepping ~*~*~tactically~*~*~ (hiding).
  2293 | D:3      | 2293 ||| Stepping ~*~*~tactically~*~*~ (hiding).
  2308 | D:3      | Reached skill level 5 in Axes
  2308 | D:3      | 2308 ||| FLEEEEING.
  2312 | D:3      | 2312 ||| FLEEEEING.
  2316 | D:3      | 2316 ||| FLEEEEING.
  2317 | D:3      | 2317 ||| FLEEEEING.
  2318 | D:3      | 2318 ||| FLEEEEING.
  2320 | D:3      | 2320 ||| STAIRDANCE
  2377 | D:2      | 2377 ||| UPGRADING to +6 ring of dexterity.
  2382 | D:3      | 2382 ||| DRINKING 2 potions of curing.
  2382 | D:3      | 2382 ||| (to cure confusion)
  2384 | D:3      | 2384 ||| STAIRDANCE
  2387 | D:2      | 2387 ||| DRINKING potion of curing.
  2387 | D:2      | 2387 ||| (to cure confusion)
  2390 | D:2      | Reached skill level 1 in Dodging
  2527 | D:3      | 2527 ||| READING scroll labelled RIEZ QYLOWK.
  2544 | D:4      | 2544 ||| STAIRDANCE
  2544 | D:4      | HP: 1/33 [wight/+4 war axe (9)]
  2546 | D:3      | Mangled by a wight

Levels and vault maps discovered:
D:1:      lordsloth_arrival_two_stooges, layout_basic
D:2:      layout_basic, nicolae_ecumenical_snake_handling, basic_altar,
          roderic_roman_lattice, grunt_ministairs_10, serial_bayou_crossing,
          uniq_jessica
D:3:      layout_basic, glass_columns_a
D:4:      layout_cave_pools, uniq_natasha

Skill      XL: |  1  2  3  4  5 |
---------------+----------------+-----
Axes           | 2 3 4 5 |  5.0
Dodging        | 1 |  1.0
Fighting       | |  3.7
Armour         | |  3.2
Shields        | |  3.2

Action                     |  1- 3 |  4- 6 || total
---------------------------+-------+-------++-------
  Melee: War axe           |    64 |    84 ||   148
  Throw: Boomerang         |       |    11 ||    11
    Use: Scroll            |     2 |     5 ||     7
         Potion            |     1 |     3 ||     4
 Armour: Scale mail        |    26 |    44 ||    70
  Dodge: Dodged            |    31 |    25 ||    56
  Block: Buckler           |     7 |    19 ||    26

Table legend:
 A = Non-vault XP
 B = Vault XP
 C = Vault XP percentage of total XP
 D = Non-vault monster count
 E = Vault monster count
 F = Vault count percentage of total count
                 A         B        C        D         E       F
            +---------+---------+-------+---------+---------+-------
      Total |     244 |      59 |  19.5 |      51 |       8 |  13.6
            +---------+---------+-------+---------+---------+-------
        D:1 |      34 |       0 |   0.0 |      20 |       0 |   0.0
        D:2 |      86 |      59 |  40.7 |      11 |       8 |  42.1
        D:3 |     122 |       0 |   0.0 |      19 |       0 |   0.0
        D:4 |       2 |       0 |   0.0 |       1 |       0 |   0.0
            +---------+---------+-------+---------+---------+-------
